Description

If You Like my builds subscribe to my Youtube.com channel, become a patron on Patreon.com or follow social media channels:

1)Youtube Channel http://www.youtube.com/c/AndYouLeftTheGame

2)Become Patreon http://www.Patreon.com/AndYouLeftTheGame

3)Follow Twitter https://twitter.com/AndYouLeftTheG1

4)Donate using Bitcoin 1nf8rHZPJkkfPpfef1xsYNZwxfj1uiy4M

VOD

https://www.youtube.com/watch?v=ARbJsR3Z15s

Build Order

Get SALT Encoding   

  15  0:49  Hatchery  15 Harvesters or Over
  16  1:07  Extractor  16 Harvesters or Over
  16  1:15  Spawning Pool  16 Harvesters or Over
  16  2:09  Metabolic Boost  Spawning Pool
  21  2:37  Hatchery  21 Harvesters or Over
  21  3:40  Spore Crawler  1st Base Anti-Air (Place in the mineral line)
  21  3:45  Spore Crawler  2nd Base Anti-Air (Place in the mineral line)
  21  3:50  Spore Crawler  3rd Base Anti-Air (Place in the mineral line)
  38  4:25  Evolution Chamber  38 Harvesters or Over
  38  4:26  Extractor  38 Harvesters or Over
  38  4:55  Zerg Melee Weapons Level 1  Evolution Chamber
  44  5:08  Baneling Nest  44 Harvesters or Over
  44  5:22  Lair  44 Harvesters or Over
  51  5:36  Extractor  51 Harvesters or Over
  51  6:47  Centrifical Hooks  Baneling Nest
  56  6:48  Hydralisk Den  56 Harvesters or Over
  56  7:31  Muscular Augments  Hydralisk Den
  56  7:35  Hatchery  AndYouLeftTheGame Subscribe and Follow Social Media Channels
Spawning Tool Build Advisor. Get it on Overwolf

Analysis

Beginner friendly build, map played is Lost and Found LE and the build order is based on professional Starcraft 2 game in WCS Austin 2018 but its not the exact copy.

Dont take supply count as a serious measure because situation will always change from game to game so it cant be precise all the time, train Queens and soldiers at your discretion in order to tackle or prepare for various combat situations that may arise during gameplay. This build has no Roach Warren, you can built it whenever you wish.

Watch incorporated Youtube video in this posts VOD section or follow the link to ( https://www.youtube.com/watch?v=ARbJsR3Z15s ), where I have played the build myself, you will learn where exactly to place the buildings and how it all comes together.

Go to:

Details

  • Created by: AndYouLeftTheGame     
  • Published on: Jun 30, 2018
  • Modified on: Aug 14, 2018
  • Patch: 4.0.0
Show
View Real Time Build Order
Export as new Build Order

Comments (1)

On July 1, 2018, 9:41 p.m., StoicLoofah  said:

Thanks for sharing these builds! FYI, you used the "edit" URL for the youtube videos, so I swapped those references out on this build order, but I think you might need to do the same thing for the others you posted.

Create an account to comment!